Get step-by-step instructions on how to execute this build order below. Start the game timer, and the build order will tick by so you can play in parallel with StarCraft on a second screen or mobile device.

Game Time

  0:00

Last Step

  N/A

Next Step

Upcoming Step



Don't want to look back and forth between 2 screens? Try out our Overwolf App, the Spawning Tool Build Advisor to get an in-game overlay with this build!

Complete Build Order

    0:09  Reaper x3  
    0:20  Hellion x2  
    0:23  Marine x6  
    0:39  Marine x6  
    0:41  Unknown x9  
  19  0:47  Unknown x4  
  19  0:56  Marine  
  19  0:57  Unknown x3  
  19  0:58  Marine x7  
  7  1:22  Marine x7  
  7  1:23  Zergling x8  
  7  1:26  Baneling x3  
    1:40  Unknown x21  
    1:43  Unknown x4